 Dungeon Crawl Stone Soup version 0.21.1-1-g345015f (webtiles) character file.

1876 ciel the Skirmisher (level 8, -1/71 HPs)
             Began as a Minotaur Monk on Mar 1, 2018.
             Was an Elder of Cheibriados.
             Slain by an orc warrior
             ... wielding a +1 hand axe of electrocution
              (17 damage)
             ... on level 7 of the Dungeon.
             The game lasted 00:09:03 (6588 turns).

ciel the Skirmisher (Minotaur Monk)                 Turns: 6588, Time: 00:09:04

Health: -1/71      AC: 13    Str: 26    XL:     8   Next: 91%
Magic:  9/9        EV: 10    Int: 17    God:    Cheibriados [****..]
Gold:   91         SH: 13    Dex: 22    Spells: 7/7 levels left

rFire    . . .     SeeInvis .   a - +2 falchion
rCold    + . .     Gourm    .   s - +2 shield
rNeg     . . .     Faith    .   x - +0 plate armour (curse)
rPois    +         Spirit   .   (helmet restricted)
rElec    .         Reflect  .   (no cloak)
rCorr    .         Harm     .   f - +0 pair of gloves
MR       .....                  (no boots)
Stlth    ..........             (no amulet)
HPRegen  0.21/turn              C - ring of poison resistance
MPRegen  0.11/turn              w - ring of protection from cold

@: very slow
A: retaliatory headbutt, horns 2
a: Bend Time, Temporal Distortion, Slouch, Renounce Religion


You were on level 7 of the Dungeon.
You worshipped Cheibriados.
Cheibriados was greatly pleased with you.
You were not hungry.

You visited 1 branch of the dungeon, and saw 7 of its levels.

You collected 182 gold pieces.
You spent 91 gold pieces at shops.

Inventory:

Hand Weapons
 a - a +2 falchion (weapon)
Missiles
 d - 309 stones (quivered)
 e - 4 tomahawks
 i - 29 sling bullets
 l - 139 arrows
 y - 7 javelins of penetration
Armour
 f - a +0 pair of gloves (worn)
 s - a +2 shield (worn)
 x - a cursed +0 plate armour (worn)
Jewellery
 k - an uncursed amulet of harm
 w - a ring of protection from cold (right hand)
 C - a ring of poison resistance (left hand)
Wands
 j - a wand of polymorph (13)
 z - a wand of flame (29)
 B - a wand of digging (7)
Scrolls
 b - 3 scrolls of identify
 g - 2 scrolls of teleportation
 u - a scroll of remove curse
 v - a scroll of fear
 D - a scroll of enchant weapon
 E - 2 scrolls of immolation {unknown}
Potions
 h - a potion of brilliance {unknown}
 m - 4 potions of curing
 n - a potion of heal wounds {unknown}
 o - a potion of agility
 p - a potion of ambrosia
 q - a potion of invisibility
 r - 2 potions of might {unknown}
 A - a potion of cancellation
Comestibles
 c - 13 rations


   Skills:
 + Level 6.9 Fighting
 + Level 6.9 Long Blades
 + Level 5.6 Armour
 + Level 6.3 Dodging
 - Level 1.5 Stealth
 + Level 5.1 Shields
 + Level 3.8 Invocations


You had 7 spell levels left.
You didn't know any spells.

Dungeon Overview and Level Annotations

Branches:
Dungeon (7/15)             Temple (0/1) D:6

Altars:
Cheibriados
Elyvilon
Fedhas
Hepliaklqana
Makhleb
Nemelex Xobeh
Qazlal
Vehumet
Wu Jian
Zin

Shops:
D:5 *   D:6 =


Innate Abilities, Weirdness & Mutations

You reflexively headbutt those who attack you in melee.
You have a pair of horns on your head.


Message History

You barely miss the orc warrior.
The orc warrior is lightly wounded.
You block the centaur's attack. You block the orc's attack.
You block the orc warrior's attack. The centaur hits you.
You hit the orc warrior but do no damage.
You headbutt the orc warrior, but do no damage.
The orc warrior is lightly wounded.
You block the centaur's attack. The orc hits you but does no damage.
The orc warrior hits you but does no damage.
You are electrocuted!
Your shield and plate armour prevent you from hitting the orc warrior.
The orc warrior is lightly wounded.
You block the centaur's attack.
The orc priest invokes the aid of Beogh against you.
Beogh smites you! The orc barely misses you.
You riposte.
You slash the orc!
You kill the orc!
Cheibriados appreciates the change of pace.
The orc warrior hits you but does no damage.
You are electrocuted!
You die...

#..# ##.....##.
#..## ##.......##
##...####.........#
#.......'.........'
##...####..........
#..## ##.........
#.## ##.....#.. #.#
##....... #@#
#..#._.# #)oc.#
#....... #.o.....
.....#.. #....####
..... ##.... #..##.
#..# .. #..# ..


You could see an orc warrior, a centaur and an orc priest.

Vanquished Creatures
  A hippogriff (D:7)
  A hungry ghost (D:7)
  2 necrophages
  A sky beast (D:6)
  An ice beast (D:7)
  2 bullfrogs
  A water moccasin zombie (D:5)
  A howler monkey (D:4)
  3 crimson imps
  A bullfrog zombie (D:5)
  A centaur skeleton (D:4)
  A hound (D:5)
  2 jellies
  An orc priest (D:7)
  5 orc wizards
  An iguana (D:4)
  Natasha (thrice) (D:3)
  4 worker ants
  A hound zombie (D:5)
  A worker ant zombie (D:6)
  6 gnolls
  10 adders
  4 shadow imps
  2 oozes
  2 adder skeletons
  3 worms
  5 leopard geckos
  18 orcs
  4 giant cockroaches
  8 goblins
  3 hobgoblins (D:1)
  13 jackals
  8 kobolds
  2 quokkas
  2 ball pythons
  9 bats
  4 frilled lizards
  A jackal skeleton (D:6)
  A jackal zombie (D:5)
  A leopard gecko skeleton (D:6)
  A quokka zombie (D:2)
  9 rats
150 creatures vanquished.

Notes
Turn   | Place    | Note
-------+----------+-------------------------------------------
     0 | D:1      | ciel the Minotaur Monk began the quest for the Orb.
     0 | D:1      | Reached XP level 1. HP: 19/19 MP: 0/0
   317 | D:1      | Reached XP level 2. HP: 27/27 MP: 1/1
   422 | D:1      | Reached skill level 1 in Armour
  1146 | D:2      | Reached XP level 3. HP: 29/33 MP: 2/2
  1329 | D:2      | Found a stormy altar of Qazlal.
  1329 | D:2      | Found an ornate altar of the Wu Jian Council.
  1329 | D:2      | Found a white marble altar of Elyvilon.
  1804 | D:2      | Reached XP level 4. HP: 37/40 MP: 3/3
  2201 | D:3      | Found a glowing silver altar of Zin.
  2561 | D:3      | Found a snail-covered altar of Cheibriados.
  2594 | D:3      | Noticed Natasha
  2624 | D:3      | Killed Natasha
  2887 | D:3      | Reached XP level 5. HP: 44/47 MP: 4/4
  3029 | D:3      | Reached skill level 1 in Shields
  3086 | D:3      | Found a sparkling altar of Nemelex Xobeh.
  3092 | D:3      | Found a blossoming altar of Fedhas.
  3224 | D:3      | Noticed Natasha
  3234 | D:3      | Killed Natasha
  3334 | D:3      | Noticed Natasha
  3346 | D:3      | Killed Natasha
  3502 | D:3      | Became a worshipper of Cheibriados the Contemplative
  3502 | D:3      | Reached * piety under Cheibriados
  3502 | D:3      | Reached ** piety under Cheibriados
  3883 | D:4      | Found a burning altar of Makhleb.
  4070 | D:4      | Found a hazy altar of Hepliaklqana.
  4085 | D:4      | Reached skill level 5 in Long Blades
  4085 | D:4      | Reached XP level 6. HP: 55/55 MP: 5/5
  4091 | D:4      | Reached skill level 1 in Invocations
  4098 | D:4      | Reached skill level 5 in Fighting
  4566 | D:5      | Entered Level 5 of the Dungeon
  4607 | D:5      | Found Zeydenyj's General Store.
  4630 | D:5      | Bought a scroll of noise for 13 gold pieces
  4630 | D:5      | Bought a potion of agility for 52 gold pieces
  4633 | D:5      | Bought a scroll of identify for 26 gold pieces
  4664 | D:5      | Reached XP level 7. HP: 61/61 MP: 7/7
  4676 | D:5      | Reached *** piety under Cheibriados
  4676 | D:5      | Reached skill level 5 in Dodging
  5338 | D:6      | Found a staircase to the Ecumenical Temple.
  5383 | D:6      | Reached XP level 8. HP: 69/70 MP: 7/9
  5562 | D:6      | Found Atoadwops's Jewellery Boutique.
  5634 | D:6      | Reached **** piety under Cheibriados
  6025 | D:6      | You fall through a shaft!
  6125 | D:7      | Reached skill level 5 in Armour
  6291 | D:7      | Noticed a hippogriff
  6302 | D:7      | Killed a hippogriff
  6310 | D:7      | Reached skill level 5 in Shields
  6317 | D:7      | Found a radiant altar of Vehumet.
  6588 | D:7      | Slain by an orc warrior

Skill      XL: |  1  2  3  4  5  6  7  8 |
---------------+-------------------------+-----
Armour         | 1 2 3 4 5 |  5.6
Fighting       | 4 5 6 |  6.9
Long Blades    | 4 5 6 |  6.9
Dodging        | 4 5 6 |  6.3
Shields        | 1 2 3 5 |  5.1
Invocations    | 1 2 3 |  3.8
Stealth        | |  1.5

Action                   |  1- 3 |  4- 6 |  7- 9 || total
-------------------------+-------+-------+-------++-------
Melee: Falchion          |    77 |   201 |   182 ||   460
       Headbutt          |    16 |    42 |    65 ||   123
  Use: Scroll            |     5 |    12 |     2 ||    19
       Potion            |       |     3 |       ||     3
 Stab: Sleeping          |     2 |       |       ||     2
  Eat: Chunk             |     3 |     4 |     2 ||     9
       Ration            |       |     1 |     1 ||     2
Armor: Robe              |     5 |       |       ||     5
       Ring mail         |    33 |    35 |       ||    68
       Skin              |       |    19 |       ||    19
       Chain mail        |       |    32 |    14 ||    46
       Plate armour      |       |       |    51 ||    51
Dodge: Dodged            |    69 |    77 |    39 ||   185
Block: Shield            |       |    65 |   118 ||   183
       Rpst.: Falchion   |    17 |    24 |    16 ||    57
